 Dungeon Crawl Stone Soup version 0.26-a0-259-g1effd001a9 (webtiles) character file.

Game seed: 9740186610798403447

7730 HoaS the Grappler (level 11, -2/73 HPs)
             Began as a Gargoyle Gladiator on July 26, 2020.
             Was an Elder of Makhleb.
             Slain by Snorg (5 damage)
             ... on level 10 of the Dungeon.
             The game lasted 00:19:50 (8208 turns).

HoaS the Grappler (Gargoyle Gladiator)              Turns: 8208, Time: 00:19:50

Health: -2/73      AC: 25    Str: 21    XL:     11   Next: 19%
Magic:  0/11       EV:  6    Int:  9    God:    Makhleb [****..]
Gold:   410        SH:  0    Dex: 14    Spells: 10/10 levels left

rFire    + . .     SeeInvis .     - Unarmed
rCold    . . .     Faith    .   (no shield)
rNeg     + . .     Spirit   +   K - +0 plate armour {rF+}
rPois    ∞         Reflect  .   b - +1 helmet
rElec    +         Harm     .   o - +0 cloak {rPois}
rCorr    +                      D - +2 pair of gloves {Dex+3}
MR       .....                  y - +0 pair of boots
Stlth    ..........             i - amulet of guardian spirit
HPRegen  0.22/turn              g - ring of flight
MPRegen  0.12/turn              G - ring of resist corrosion

@: hasted, very quick
A: negative energy resistance 1, electricity resistance, unbreathing,
petrification resistance, rot immunity, AC +8
a: Minor Destruction, Lesser Servant of Makhleb, Major Destruction, Renounce
Religion, Evoke Flight


You were on level 10 of the Dungeon.
You worshipped Makhleb.
Makhleb was greatly pleased with you.
You were not hungry.

You visited 2 branches of the dungeon, and saw 11 of its levels.

You collected 410 gold pieces.

Inventory:

Missiles
 c - 7 boomerangs
 r - 35 poisoned darts (quivered)
 C - 16 curare-tipped darts
Armour
 b - a +1 helmet (worn)
 o - a +0 cloak of poison resistance (worn)
 y - a +0 pair of boots (worn)
 D - a +2 pair of gloves of dexterity (worn)
 K - a +0 plate armour of fire resistance (worn)
Jewellery
 g - a ring of flight (left hand)
 i - an amulet of guardian spirit (around neck)
 n - an uncursed ring of ice
 G - a ring of resist corrosion (right hand)
Wands
 a - a wand of acid (7)
 k - a wand of flame (27)
 s - a wand of clouds (4)
 z - a wand of disintegration (12)
 A - a wand of polymorph (7)
 B - a wand of digging (2)
 I - a wand of paralysis (21)
 J - a wand of iceblast (8)
Scrolls
 p - 7 scrolls of remove curse
 u - 8 scrolls of teleportation
 w - 3 scrolls of enchant armour
 x - 2 scrolls of identify
 H - 2 scrolls of blinking
Potions
 e - 4 potions of curing
 f - 3 potions of haste
 h - a potion of mutation {unknown}
 j - a potion of cancellation {unknown}
 l - a potion of heal wounds
 m - a potion of berserk rage {unknown}
 q - 2 potions of lignification {unknown}
 v - 2 potions of flight {unknown}
 F - a potion of magic {unknown}
Comestibles
 d - 25 rations


   Skills:
 + Level 10.9 Fighting
 - Level 1.7 Throwing
 - Level 2.4 Dodging
 * Level 13.6 Unarmed Combat


You had 10 spell levels left.
You didn't know any spells.
Your spell library contained the following spells:

 Spells                   Type           Power        Failure   Level
 Beastly Appendage        Tmut           #.....       100%        1
 Foxfire                  Conj/Fire      #...         100%        1
 Shock                    Conj/Air       #...         100%        1
 Sticks to Snakes         Tmut           #.......     100%        2
 Swiftness                Chrm/Air       #.......     100%        2
 Conjure Flame            Conj/Fire      #.......     100%        3
 Inner Flame              Hex/Fire       #.......     100%        3
 Spider Form              Tmut/Pois      #.........   100%        3
 Static Discharge         Conj/Air       #.......     100%        3
 Airstrike                Air            #.........   100%        4
 Ice Form                 Ice/Tmut       #.......     100%        4
 Sticky Flame             Conj/Fire      #.......     100%        4
 Blade Hands              Tmut           #.........   100%        5
 Fireball                 Conj/Fire      #.........   100%        5
 Lightning Bolt           Conj/Air       #.........   100%        5


Dungeon Overview and Level Annotations

Branches:
Dungeon (10/15)            Temple (1/1) D:4            Lair (0/6) D:9
    Orc (0/2) D:10

Altars:
Ashenzari
Cheibriados
Dithmenos
Elyvilon
Fedhas
Gozag
Hepliaklqana
Kikubaaqudgha
Makhleb
Nemelex Xobeh
Okawaru
Qazlal
Ru
Sif Muna
Trog
Uskayaw
Vehumet
Wu Jian
Xom
Yredelemnul
Zin
The Shining One

Annotations:
D:7 2 transporters, Tenar's ghost, novice OpEE
D:10 Snorg


Innate Abilities, Weirdness & Mutations

You are resistant to torment.
Your stone body is resilient. (AC +8)
You are immune to poison.
You resist negative energy. (rN+)
You are resistant to electric shocks. (rElec)
You can survive without breathing.
You are immune to petrification.
You are immune to rotting.


Message History

Snorg is severely wounded.
You punch Snorg!
Snorg is severely wounded.
Snorg bites you. Snorg claws you. Snorg claws you but does no damage.
You pummel Snorg!!
Snorg is almost dead.
Snorg bites you but does no damage. Snorg claws you but does no damage.
Snorg claws you!
* * * LOW HITPOINT WARNING * * *
You barely miss Snorg.
Snorg is almost dead.
You hit Snorg but do no damage.
Snorg is almost dead.
Snorg bites you but does no damage. Snorg claws you!
* * * LOW HITPOINT WARNING * * *
Snorg claws you but does no damage.
You pummel Snorg!!
Snorg is almost dead.
Snorg bites you.
You die...

#.........#
#.........#####.
#.........#.....
................
................
...............
#..........#############
#..........#...........#
...'###....))...@T.....#
...'###....#...........#
.........###...#####...#
.........# #...# .......
.........# #...# .......
.....##### #...# .......
....)# #...# '######
...††# ....# .. ####.##
..


You could see Snorg (berserk, corroded).

Vanquished Creatures
  Pikel (D:7)
  Joseph (D:8)
  Psyche (D:8)
  A troll (D:10)
  Prince Ribbit (D:5)
  A hippogriff (D:9)
  A steam dragon (D:9)
  A wraith (D:10)
  3 yaks (D:9)
  Grum (D:10)
  2 wargs (D:9)
  An acid dragon (D:9)
  A water moccasin (D:9)
  Duvessa (D:7)
  A black bear (D:10)
  2 ice beasts
  6 orc warriors
  6 ogres
  A sky beast (D:8)
  4 wolves (D:10)
  3 big kobolds
  3 bullfrogs
  5 gnoll sergeants (D:10)
  Dowan (D:7)
  A scorpion (D:7)
  7 killer bees
  7 wights
  A howler monkey (D:6)
  6 jellies
  10 orc wizards
  5 hounds
  3 orc priests
  A bullfrog skeleton (D:6)
  Jessica (D:2)
  Crazy Yiuf (D:2)
  3 iguanas
  6 worker ants
  2 hound zombies
  3 worker ant zombies (D:6)
  6 gnolls
  10 adders
  A howler monkey skeleton (D:6)
  4 shadow imps
  3 white imps
  2 ufetubi
  8 oozes
  An adder zombie (D:6)
  An adder skeleton (D:5)
  3 worms
  4 dart slugs
  12 leopard geckos
  38 orcs
  6 giant cockroaches
  10 hobgoblins
  11 jackals
  13 kobolds
  2 ball pythons
  13 bats
  4 frilled lizards
  7 goblins
  A leopard gecko zombie (D:6)
  4 rats
270 creatures vanquished.

Vanquished Creatures (others)
  A leopard gecko (D:9)
1 creature vanquished.

Grand Total: 271 creatures vanquished

Notes
Turn   | Place    | Note
-------+----------+-------------------------------------------
     0 | D:1      | HoaS the Gargoyle Gladiator began the quest for the Orb.
     0 | D:1      | Reached XP level 1. HP: 12/12 MP: 1/1
   309 | D:1      | Reached XP level 2. HP: 18/18 MP: 2/2
   465 | D:1      | Reached XP level 3. HP: 16/22 MP: 3/3
   639 | D:2      | Reached skill level 4 in Unarmed Combat
   741 | D:2      | Reached XP level 4. HP: 23/28 MP: 4/4
  1088 | D:2      | Found a runed translucent door.
  1089 | D:2      | Noticed Crazy Yiuf
  1224 | D:2      | Noticed Jessica
  1228 | D:2      | Killed Jessica
  1228 | D:2      | Reached XP level 5. HP: 29/32 MP: 5/5
  1332 | D:2      | Reached skill level 5 in Unarmed Combat
  1642 | D:2      | Killed Crazy Yiuf
  2003 | D:3      | Noticed an ogre
  2042 | D:3      | Killed an ogre
  2042 | D:3      | Reached XP level 6. HP: 37/39 MP: 6/6
  2147 | D:3      | Found a glowing silver altar of Zin.
  2154 | D:3      | Reached skill level 6 in Unarmed Combat
  2173 | D:3      | Found a bloodstained altar of Trog.
  2769 | D:4      | Found a basalt altar of Yredelemnul.
  2809 | D:4      | Found a staircase to the Ecumenical Temple.
  2826 | Temple   | Entered the Ecumenical Temple
  3664 | D:5      | Entered Level 5 of the Dungeon
  3673 | D:5      | Reached XP level 7. HP: 44/44 MP: 7/7
  3742 | D:5      | Reached skill level 5 in Fighting
  3757 | D:5      | Reached skill level 7 in Unarmed Combat
  4069 | D:5      | Found a radiant altar of Vehumet.
  4112 | D:5      | Found a burning altar of Makhleb.
  4114 | D:5      | Noticed a cacodemon
  4118 | D:5      | Noticed a ynoxinul
  4118 | D:5      | Noticed a ynoxinul
  4120 | D:5      | Became a worshipper of Makhleb the Destroyer
  4326 | D:6      | Reached XP level 8. HP: 47/51 MP: 8/8
  4332 | D:6      | Noticed Prince Ribbit
  4338 | D:6      | Reached skill level 8 in Unarmed Combat
  4597 | D:5      | Killed Prince Ribbit
  4617 | D:6      | Found an ornate altar of the Wu Jian Council.
  4738 | D:6      | Reached skill level 9 in Unarmed Combat
  4779 | D:6      | Reached * piety under Makhleb
  5075 | D:6      | Reached XP level 9. HP: 57/57 MP: 9/9
  5230 | D:6      | Found an opulent altar of Gozag.
  5753 | D:7      | Reached skill level 10 in Unarmed Combat
  5792 | D:7      | Reached ** piety under Makhleb
  5885 | D:7      | Found a hazy altar of Hepliaklqana.
  5945 | D:7      | Noticed Dowan
  5946 | D:7      | Noticed Duvessa
  5967 | D:7      | Killed Duvessa
  5986 | D:7      | Killed Dowan
  6015 | D:7      | Found a transporter.
  6032 | D:7      | Found a transporter.
  6038 | D:7      | Noticed a moth of wrath
  6038 | D:7      | Noticed a troll
  6039 | D:7      | Noticed Tenar's ghost (novice OpEE)
  6042 | D:7      | Found a bloodstained altar of Trog.
  6043 | D:7      | Noticed Pikel
  6058 | D:7      | Killed Pikel
  6058 | D:7      | Reached skill level 11 in Unarmed Combat
  6182 | D:7      | Found an iron altar of Okawaru.
  6411 | D:8      | Reached XP level 10. HP: 66/66 MP: 10/10
  6489 | D:8      | Noticed Joseph
  6522 | D:8      | Killed Joseph
  6607 | D:8      | Found a hazy altar of Hepliaklqana.
  6984 | D:8      | Noticed Psyche
  6993 | D:8      | Killed Psyche
  7122 | D:9      | Reached *** piety under Makhleb
  7122 | D:9      | Reached skill level 12 in Unarmed Combat
  7169 | D:9      | Found a snail-covered altar of Cheibriados.
  7507 | D:9      | Found a staircase to the Lair.
  7533 | D:9      | Reached skill level 10 in Fighting
  7840 | D:10     | Entered Level 10 of the Dungeon
  7840 | D:10     | Noticed Snorg
  7939 | D:10     | Found a staircase to the Orcish Mines.
  7952 | D:10     | Reached skill level 13 in Unarmed Combat
  7973 | D:10     | Reached XP level 11. HP: 71/73 MP: 7/11
  7981 | D:10     | Reached **** piety under Makhleb
  8117 | D:10     | Noticed Grum
  8144 | D:10     | Killed Grum
  8207 | D:10     | HP: 3/73 [Snorg (12)]
  8208 | D:10     | Slain by Snorg

Illustrated notes

Levels and vault maps discovered:
D:1:      saegor_arrival_simple_a, layout_loops_ring, minmay_heptomino_w4
D:2:      layout_loops_corners, minmay_vboxes, uniq_crazy_yiuf_cottage,
          uniq_jessica
D:3:      layout_basic, grunt_temple_overflow_open, first_ration,
          minmay_divided_ellipse
D:4:      layout_basic, old_standard_altar,
          minmay_temple_entry_statues_fountains
D:5:      kennysheep_six_static_rooms, layout_gridville,
          makhleb_altar_promises_db, old_standard_altar
D:6:      layout_layer_cave, lemuel_doored_altar, marbit_many_paths,
          uniq_prince_ribbit1
D:7:      layout_rooms, kennysheep_little_box,
          gammafunk_ghost_wrathful_warriors, basic_altar, uniq_pikel,
          uniq_duvessa
D:8:      layout_layer_cave, nicolae_overflow_hidden_temple, uniq_psyche,
          uniq_joseph
D:9:      layout_roguey, lemuel_crystal_altar, erik_lair_orcish_takeover,
          hangedman_little_slice_of_home
D:10:     kennysheep_blocky_room, layout_basic,
          kennysheep_orc_monster_closet_entryway, kennysheep_generic_room_10,
          uniq_snorg, uniq_erolcha, uniq_grum
Temple:   nicolae_temple_x_marks_the_god

Skill      XL: |  1  2  3  4  5  6  7  8  9 10 |
---------------+-------------------------------+-----
Fighting       | 3 4 5 7 9 10 | 10.9
Unarmed Combat | 4 5 6 7 9 11 13 | 13.6
Throwing       | |  1.7
Dodging        | |  2.4

Action                   |  1- 3 |  4- 6 |  7- 9 | 10-12 || total
-------------------------+-------+-------+-------+-------++-------
Melee: Unarmed           |   111 |   268 |   423 |   324 ||  1126
       Punch             |     2 |     5 |    18 |    19 ||    44
Throw: Throwing net      |       |     2 |     3 |       ||     5
       Dart              |       |       |       |     7 ||     7
Evoke: Wand              |       |       |       |     2 ||     2
  Use: Scroll            |     7 |     6 |     4 |     2 ||    19
       Potion            |       |       |       |     4 ||     4
 Stab: Held in net/web   |       |     2 |     1 |       ||     3
       Invisible         |       |       |       |     1 ||     1
  Eat: Ration            |       |     3 |     2 |     2 ||     7
Armor: Leather armour    |    52 |    68 |       |       ||   120
       Chain mail        |       |    49 |   255 |       ||   304
       Plate armour      |       |       |    63 |   265 ||   328
Dodge: Dodged            |    90 |   139 |   149 |    94 ||   472

Table legend:
 A = Non-vault XP
 B = Vault XP
 C = Vault XP percentage of total XP
 D = Non-vault monster count
 E = Vault monster count
 F = Vault count percentage of total count
                 A         B        C        D         E       F
            +---------+---------+-------+---------+---------+-------
      Total |    5361 |    5682 |  51.5 |     190 |      80 |  29.6
            +---------+---------+-------+---------+---------+-------
        D:1 |      19 |      19 |  50.0 |      12 |       6 |  33.3
        D:2 |     107 |     100 |  48.3 |      26 |       9 |  25.7
        D:3 |      43 |     173 |  80.1 |      15 |      13 |  46.4
        D:4 |     155 |       0 |   0.0 |      13 |       0 |   0.0
        D:5 |     398 |     354 |  47.1 |      12 |       6 |  33.3
        D:6 |    1074 |      42 |   3.8 |      34 |       1 |   2.9
        D:7 |    1008 |     908 |  47.4 |      30 |       3 |   9.1
        D:8 |     364 |     879 |  70.7 |      16 |       2 |  11.1
        D:9 |    1808 |     705 |  28.1 |      25 |      15 |  37.5
       D:10 |     385 |    2502 |  86.7 |       7 |      25 |  78.1
            +---------+---------+-------+---------+---------+-------
